cohdb
Replays
Latest Replays
All Replays
Popular Replays
Top Player Replays
Match Explorer
How It Works
Community
CoH3 Stats
Reddit
Sign in to upload your games and track your stats! →
Sign in with Steam
Match 45269990
Unlisted
Match 45269990
Overview
Messages
Build Orders
End
Panzerpioneer Squad
Panzerpioneer Squad
Selects Panzerjäger Kommand Battlegroup
Selects Blockade Equipment
Panzergrenadier Squad
Construct Light Support Kompanie
2.5-tonne Medical Truck
MG34 Team
Fire Support Elements
Panzerjäger Mechanized Group
Construct Mechanized Kompanie
Selects Defensive Positions
StuG III D Assault Gun
Selects Butterfly Bomb Drop
Butterfly Bomb Drop
Marder III Tank Destroyer
Assault Mechanized Group
StuG III D Assault Gun
Selects Tank Busters
Marder III Tank Destroyer
Marder III Tank Destroyer
Selects Crew Shock Tactics
Butterfly Bomb Drop
StuG III D Assault Gun
Panzerjäger Mechanized Group
StuG III D Assault Gun
Selects Anti-tank Overwatch
Dimitrie 5645
Pablo12GR
ConcernedApe
badiba
0
0
Comments
sign in to comment!
No comments posted yet!